 Dungeon Crawl Stone Soup version 0.32-a0-18-g89e19f1 (webtiles) character file.

Game seed: 666773109541987833

2331 Dorkslayer the Sneak (level 9, 0/60 HPs)
             Began as an Octopode Fighter on Jan 16, 2024.
             Was an Initiate of Wu Jian.
             Slain by an ice beast (13 damage)
             ... on level 5 of the Dungeon.
             The game lasted 00:17:06 (4806 turns).

Dorkslayer the Sneak (Octopode Fighter)             Turns: 4806, Time: 00:17:06

Health: 0/60       AC:  1    Str: 16    XL:     9   Next: 42%
Magic:  18/18      EV: 15    Int: 10    God:    Wu Jian [......]
Gold:   385        SH:  0    Dex: 15    Spells: 8/8 levels left

rFire   . . .        o - +1 long sword (flame)
rCold   . . .        (no shield)
rNeg    . . .        (helmet restricted)
rPois   .            (no amulet)
rElec   .            l - ring of magical power
rCorr   .            (no ring)
SInv    .            (no ring)
Will    .....        (no ring)
Stlth   ++++         (no ring)
HPRegen 0.30/turn    (no ring)
MPRegen 0.16/turn    (no ring)
                     (no ring)

%: no passive effects
@: no status effects
A: almost no armour, amphibious, 8 rings, camouflage 1, gelatinous body 1,
(nimble swimmer 1), tentacles
a: Renounce Religion


You were on level 5 of the Dungeon.
You worshipped Wu Jian.
Wu Jian was noncommittal.
You visited 2 branches of the dungeon, and saw 7 of its levels.

You collected 385 gold pieces.

Inventory:

Hand Weapons
 a - a +0 long sword
 i - the +8 mace "Ecloun" {freeze, rF+}
   (You found it on level 2 of the Dungeon)

   rF+:       It protects you from fire.
 o - a +1 long sword of flaming (weapon)
 s - a +2 falchion of holy wrath
Missiles
 j - 6 atropa-tipped darts (quivered)
 p - 6 javelins
Armour
 b - a +0 buckler
Jewellery
 l - a ring of magical power (left tentacle)
Talismans
 d - a serpent talisman
 m - a flux talisman
 n - a blade talisman
Wands
 f - a wand of charming (7)
Scrolls
 e - a scroll of poison
 h - 2 scrolls of identify
 k - a scroll of teleportation
 r - a scroll of amnesia
 x - a scroll of fear
Potions
 g - a potion of magic
 q - a potion of resistance
 t - a potion of berserk rage
 u - a potion of lignification
 v - a potion of enlightenment


   Skills:
 + Level 4.9 Fighting
 * Level 3.3 Long Blades
 + Level 6.8 Maces & Flails
 + Level 2.6 Polearms
 + Level 1.6 Throwing
 * Level 4.8 Dodging
 + Level 6.9 Stealth
 + Level 3.5 Shields
 * Level 4.5 Evocations
 - Level 1.7 Shapeshifting


You had 8 spell levels left.
You didn't know any spells.
Your spell library contained the following spells:

 Spells                   Type           Power      Damage    Failure   Level
 Sting                    Conj/Alch      0%         1d3       36%         1
 Mercury Vapours          Alch/Air       0%         N/A       50%         2
 Fugue of the Fallen      Necr           0%         N/A       75%         3
 Mephitic Cloud           Conj/Alch/Air  0%         N/A       75%         3
 Ozocubu's Armour         Ice            0%         N/A       75%         3
 Manifold Assault         Tloc           0%         N/A       98%         4
 Olgreb's Toxic Radiance  Alch           0%         N/A       98%         4
 Freezing Cloud           Conj/Ice/Air   0%         6-21      100%        5


Dungeon Overview and Level Annotations

Branches:
Dungeon (6/15)             Temple (1/1) D:6

Altars:
Ashenzari
Cheibriados
Elyvilon
Fedhas
Hepliaklqana
Kikubaaqudgha
Okawaru
Qazlal
Sif Muna
Trog
Uskayaw
Vehumet
Wu Jian
Xom
Yredelemnul
The Shining One


Innate Abilities, Weirdness & Mutations

You cannot wear most types of armour.
You are amphibious.
You can wear up to eight rings at the same time.
Your skin changes colour to match your surroundings (Stealth+).
Your rubbery body absorbs attacks. (AC +1, EV +1)
((You are camouflaged when in or above water. (Stealth+)))
You have tentacles for arms and can constrict up to eight enemies at once.


Message History

You hit the ice beast but do no damage.
The ice beast is heavily wounded.
The phantom hits you. The ice beast hits you. The ice beast freezes you.
The phantom hits you.
The phantom blinks!
You blink.
You closely miss the phantom. Your squeeze misses the phantom.
The phantom misses you.
You hit the phantom. You burn the phantom.
The phantom is moderately damaged.
The phantom misses you.
You miss the phantom.
The phantom is moderately damaged.
The phantom hits you.
You slash the ice beast!
You melt the ice beast.
Your squeeze misses the ice beast.
The ice beast is moderately wounded.
The phantom hits you!
* * * LOW HITPOINT WARNING * * *
The phantom blinks!
You blink.
The phantom hits you.
* * * LOW HITPOINT WARNING * * *
The phantom blinks!
You blink.
You miss the phantom. You squeeze the phantom.
The phantom is heavily damaged.
The phantom barely misses you.
You slash the phantom! You burn the phantom. You squeeze the phantom.
The phantom is almost destroyed.
The phantom barely misses you.
You barely miss the phantom.
The phantom is almost destroyed.
The phantom hits you.
* * * LOW HITPOINT WARNING * * *
The phantom blinks!
You blink.
You hit the phantom but do no damage.
The phantom is almost destroyed.
The phantom hits you.
* * * LOW HITPOINT WARNING * * *
The phantom blinks!
You blink.
The ice beast barely misses you. The phantom closely misses you.
The ice beast hits you.
* * * LOW HITPOINT WARNING * * *
The ice beast freezes you!
You die...

###########
....#..§..##
........§...##
........§....#
.............#
.............#
........Y....#
.......$.@W..#
..........Y...#
#####.........>....##
......#...........####
...########.####.....#
##.# ##.# #.....# #.##
#..# ##.....#
#..######.####......#
##.........#).Y.....#


You could see 2 ice beasts and a phantom.

Vanquished Creatures
  Pikel (D:4)
  Sigmund (D:2)
  Menkaure (D:4)
  Duvessa (D:5)
  An orc warrior (D:5)
  2 ogres
  A lemure (D:4)
  A phantom (D:4)
  3 wights (D:6)
  Dowan (D:5)
  A howler monkey (D:5)
  3 jellies
  2 hounds (D:6)
  3 orc priests (D:4)
  Crazy Yiuf (D:2)
  Natasha (D:2)
  5 iguanas
  4 sleepcaps
  An orc wizard (D:5)
  Robin (D:4)
  7 adders
  4 gnolls (D:6)
  2 ufetubi (D:6)
  3 dart slugs (D:4)
  2 ribbon worms
  11 orcs
  12 ball pythons
  4 endoplasms
  3 giant cockroaches
  18 goblins
  4 hobgoblins
  4 jackals (D:1)
  3 quokkas
  3 bats
  3 frilled lizards
  5 kobolds
  5 rats
128 creatures vanquished.

Vanquished Creatures (collateral kills)
  An ogre (D:5)
  A hound (D:5)
  An orc priest (D:5)
3 creatures vanquished.

Vanquished Creatures (others)
  An ogre (D:5)
  An orc (D:5)
2 creatures vanquished.

Grand Total: 133 creatures vanquished

Notes
Turn   | Place    | Note
-------+----------+-------------------------------------------
     0 | D:1      | Dorkslayer the Octopode Fighter began the quest for the
                  | Orb.
     0 | D:1      | Reached XP level 1. HP: 16/16 MP: 1/1
   161 | D:1      | Reached XP level 2. HP: 21/21 MP: 2/2
   806 | D:2      | Reached XP level 3. HP: 25/26 MP: 3/3
   859 | D:2      | Noticed Sigmund
   874 | D:2      | Killed Sigmund
   875 | D:2      | Reached skill level 1 in Shapeshifting
   875 | D:2      | Reached XP level 4. HP: 31/31 MP: 4/4
   875 | D:2      | Reached XP level 5. HP: 36/36 MP: 5/5
  1037 | D:2      | Identified the +5 robe of Etzal {rElec Str-4 Int+2 Dex+3
                  | Slay+3}
  1148 | D:2      | Reached XP level 6. HP: 35/42 MP: 6/6
  1333 | D:2      | Identified the +8 mace "Ecloun" {freeze, rF+}
  1414 | D:2      | Noticed Natasha
  1422 | D:2      | Killed Natasha
  1423 | D:2      | Reached skill level 1 in Polearms
  1548 | D:2      | Found a runed translucent door.
  1549 | D:2      | Noticed Crazy Yiuf
  1553 | D:2      | Killed Crazy Yiuf
  1554 | D:2      | Reached skill level 1 in Maces & Flails
  2097 | D:3      | Reached skill level 1 in Evocations
  2303 | D:4      | Reached XP level 7. HP: 10/46 MP: 7/7
  2458 | D:4      | Noticed Menkaure
  2461 | D:4      | Killed Menkaure
  2738 | D:4      | Noticed Robin
  2749 | D:4      | Killed Robin
  2888 | D:4      | Reached XP level 8. HP: 52/54 MP: 8/8
  2992 | D:4      | You fall into a shaft and drop 2 floors!
  3015 | D:5      | Entered Level 5 of the Dungeon
  3033 | D:5      | HP: 1/54 [orc/+0 war axe (9)]
  3418 | D:4      | Noticed Pikel
  3445 | D:4      | Killed Pikel
  3446 | D:4      | Reached skill level 5 in Maces & Flails
  3446 | D:4      | Reached skill level 1 in Throwing
  3446 | D:4      | Reached skill level 5 in Stealth
  3934 | D:6      | Found a staircase to the Ecumenical Temple.
  3943 | Temple   | Entered the Ecumenical Temple
  3968 | Temple   | Became a worshipper of the Wu Jian Council
  4404 | D:6      | Reached XP level 9. HP: 59/59 MP: 9/9
  4510 | D:5      | Noticed Duvessa
  4522 | D:5      | Killed Duvessa
  4528 | D:5      | Noticed Dowan
  4536 | D:5      | Killed Dowan
  4806 | D:5      | Slain by an ice beast

Illustrated notes

Levels and vault maps discovered:
D:1:      lightli_arrival_lavapool, layout_loops_ring,
          amcnicky_mini_corridor_feature, patterned_corridor
D:2:      layout_loops_ring, minmay_between, uniq_crazy_yiuf_cottage,
          uniq_sigmund, uniq_natasha
D:3:      layout_basic
D:4:      layout_basic, hellmonk_no_cap, uniq_menkaure, uniq_pikel, uniq_robin
D:5:      layout_rooms, kennysheep_nondescript, uniq_duvessa
D:6:      layout_loops_ring, minmay_temple_entry_wispy,
          kennysheep_cross_bottleneck
Temple:   lightli_temple_of_artemis

Skill      XL: |  1  2  3  4  5  6  7  8  9 |
---------------+----------------------------+-----
Long Blades    | 3 |  3.3
Stealth        | 2 3 4 5 6 |  6.9
Shapeshifting  | 1 |  1.7
Polearms       | 1 2 |  2.6
Maces & Flails | 2 4 6 |  6.8
Evocations     | 1 2 3 4 |  4.5
Fighting       | 4 |  4.9
Throwing       | 1 |  1.6
Dodging        | 4 |  4.8
Shields        | |  3.5

Action                     |  1- 3 |  4- 6 |  7- 9 || total
---------------------------+-------+-------+-------++-------
  Melee: Long sword        |    36 |       |    14 ||    50
         Constrict         |     8 |    21 |    31 ||    60
         Tentacles         |     5 |    11 |    30 ||    46
         Halberd           |       |    24 |     7 ||    31
         Mace              |       |    55 |   110 ||   165
         Punch             |       |     2 |       ||     2
  Throw: Dart              |       |       |    12 ||    12
Ability: Lunge             |       |       |     4 ||     4
  Evoke: Wand              |       |       |     5 ||     5
    Use: Scroll            |     3 |     2 |    10 ||    15
         Potion            |     3 |       |     3 ||     6
   Stab: Sleeping          |     4 |    15 |     9 ||    28
 Armour: Skin              |    12 |    35 |    58 ||   105
  Dodge: Dodged            |    29 |    44 |    93 ||   166
  Block: Buckler           |     7 |       |       ||     7

Table legend: (Time is in decaauts)
 A = Elapsed time spent in this place.
 B = Non-inter-level travel time spent in this place.
 C = Inter-level travel time spent in this place.
 D = Time resting spent in this place.
 E = Time spent auto-exploring this place.
 F = Levels seen in this place.
 G = Mean time per level.
                   A        B        C        D        E       F      G
               +--------+--------+--------+--------+--------+-----+--------+
         Total |   4846 |   4846 |      0 |    559 |   2325 |   7 |  692.3 |
       Dungeon |   4810 |   4810 |      0 |    559 |   2325 |   6 |  801.7 |
        Temple |     36 |     36 |      0 |      0 |      0 |   1 |   36.0 |
               +--------+--------+--------+--------+--------+-----+--------+

Top non-repeatable levels by time:
     D:4: 1381 daAuts
     D:6: 823 daAuts
     D:1: 808 daAuts
     D:2: 806 daAuts
     D:3: 608 daAuts
     D:5: 381 daAuts
  Temple: 36 daAuts
